 Dungeon Crawl Stone Soup version 0.21-a0-591-g2314aa1 (webtiles) character file.

12 tidbits the Scratcher (level 2, -1/12 HPs)
             Began as a Felid Transmuter on Dec 22, 2017.
             Slain by a kobold
             ... wielding a +0 whip
              (4 damage)
             ... on level 1 of the Dungeon.
             The game lasted 00:02:04 (239 turns).

tidbits the Scratcher (Felid Transmuter)             Turns: 239, Time: 00:02:04

Health: -1/12      AC:  1    Str:  6    XL:     2   Next: 20%
Magic:  5/6        EV: 18    Int: 14    God:
Gold:   23         SH:  0    Dex: 16    Spells: 2/5 levels left
                                        Lives:  0   Deaths: 0

rFire    . . .     SeeInvis +     - Unarmed
rCold    . . .     Gourm    .   (shield unavailable)
rNeg     + . .     Faith    .   (armour unavailable)
rPois    .         Spirit   .   (helmet unavailable)
rElec    .         Reflect  .   (cloak unavailable)
rCorr    .         Harm     .   (gloves unavailable)
MR       .....                  (boots unavailable)
Stlth    +++.......             (no amulet)
HPRegen  0.04/turn              d - ring of positive energy
MPRegen  0.10/turn              (no ring)

@: appendage, quick
A: very small, no armour, no weapons or thrown items, stealth, claws 1, fangs 3,
horns 2, see invisible, carnivore, speed 1, shaggy fur 1, slow metabolism 1,
sharp paws
a: End Transformation


You were on level 1 of the Dungeon.
You were not hungry.
You had grown temporary horns.
You visited 1 branch of the dungeon, and saw 1 of its levels.

You collected 23 gold pieces.

Inventory:

Missiles
 a - 12 arrows
Jewellery
 d - a ring of positive energy (left paw)
   (You found it on level 1 of the Dungeon)
 f - an uncursed ring of ice
   (You found it on level 1 of the Dungeon)
 g - an uncursed ring of positive energy
   (You found it on level 1 of the Dungeon)
Scrolls
 e - a scroll of teleportation {unknown}
Potions
 h - a potion of lignification {unknown}
 i - a potion of heal wounds {unknown}
Books
 b - a book of Changes

   Spells                             Type                      Level
   a - Beastly Appendage              Transmutation                1
   b - Sticks to Snakes               Transmutation                2
   c - Spider Form                    Transmutation/Poison         3
   d - Ice Form                       Ice/Transmutation            4
   e - Blade Hands                    Transmutation                5
Comestibles
 c - 6 rations


   Skills:
 - Level 1.0 Fighting
 - Level 2.7 Dodging
 + Level 2.8 Stealth
 - Level 3.0 Unarmed Combat
 - Level 2.0 Spellcasting
 - Level 2.2 Transmutations


You had 2 spell levels left.
You knew the following spells:

 Your Spells              Type           Power        Failure   Level  Hunger
e - Beastly Appendage     Tmut           #.....       10%         1    ##.....
k - Sticks to Snakes      Tmut           #.......     14%         2    ###....


Dungeon Overview and Level Annotations

Branches:
Dungeon (1/15)

Altars:


Innate Abilities, Weirdness & Mutations

You cannot wear armour.
You are incapable of wielding weapons or throwing items.
Your paws allow you to move quietly. (Stealth)
You have sharp claws.
You have razor-sharp teeth.
You have supernaturally acute eyesight. (SInv)
You are carnivorous and can eat meat at any time.
You cover ground quickly.
You are covered in fur. (AC +1)
You have a slow metabolism.
Your sharp claws are effective at attacking unaware monsters.
You have a pair of horns on your head.


Message History

Your horns disappear.
c - 5 rations (gained 1)
Found a smoky red potion.
i - a smoky red potion A hobgoblin comes into view.
It is wielding a club.
Found an escape hatch in the floor.
You pounce on the unaware helpless hobgoblin!
You claw the hobgoblin!
You kill the hobgoblin!
Things that are here:
a club; a hobgoblin corpse
There is an escape hatch in the floor here.
Found 10 gold pieces.
You now have 16 gold pieces (gained 10).
A bat comes into view.
Found 7 gold pieces.
A kobold comes into view.
The kobold shouts!
Casting: Beastly Appendage
Confirm with . or Enter, or press ? or * to list all spells.
You grow a pair of large bovine horns.
The bat closely misses you. The bat misses you. The bat completely misses you.
You scratch the bat.
The bat is moderately wounded.
The bat closely misses you. The bat closely misses you.
You scratch the bat.
The bat is heavily wounded.
The bat completely misses you.
You scratch the kobold but do no damage.
Your bite misses the kobold. The bat misses you. The kobold closely misses you.
Your transformation is almost over.
The bat barely misses you. The bat closely misses you.
You scratch the kobold.
You kill the kobold!
Your Stealth skill increases to level 2!
The bat misses you.
You claw the bat!
You kill the bat!
Things that are here:
a bat corpse; a kobold corpse You now have 23 gold pieces (gained 7).
Your horns disappear.
A bat comes into view.
The helpless bat fails to defend itself.
You claw the bat!
You kill the bat!
You have reached level 2!
Memorise Sticks to Snakes, consuming 2 spell levels and leaving 2?
You start memorising the spell.
You continue memorising. x2
You finish memorising.
Spell assigned to 'k'.
A frilled lizard comes into view.
Found a ration.
Found a stone staircase leading down.
The helpless frilled lizard fails to defend itself.
You claw the frilled lizard!
You kill the frilled lizard!
Found a scroll labeled WUROUT XUETZE.
c - 6 rations (gained 1)
A goblin comes into view.
The goblin shouts!
You hear a shout!
The goblin moves out of view.
A kobold comes into view. It is wielding a whip.
The kobold shouts!
The bat closely misses you.
Casting: Beastly Appendage
Confirm with . or Enter, or press ? or * to list all spells.
You grow a pair of large bovine horns.
Your transformation is almost over.
The bat barely misses you. The goblin misses you.
You barely miss the goblin. You bite the goblin.
You kill the goblin!
The bat hits you but does no damage. The bat misses you.
A dart slug comes into view.
The bat barely misses you.
You miss the bat. The bat closely misses you. x2
You barely miss the bat. Your bite misses the bat.
The bat hits you but does no damage. The bat hits you.
You scratch the bat.
The bat is heavily wounded.
The bat barely misses you.
You scratch the bat.
You kill the bat!
You miss the kobold. You bite the kobold, but do no damage.
The kobold misses you.
You barely miss the kobold. The kobold closely misses you.
You closely miss the kobold. The kobold hits you but does no damage.
You closely miss the kobold.
Your horns disappear.
The kobold completely misses you.
Casting: Beastly Appendage
Confirm with . or Enter, or press ? or * to list all spells.
You grow a pair of large bovine horns.
The kobold hits you with a whip.
* * * LOW HITPOINT WARNING * * *
You barely miss the kobold. The kobold hits you with a whip.
* * * LOW HITPOINT WARNING * * *
You scratch the kobold but do no damage.
Your headbutt misses the kobold. The kobold hits you with a whip.
You die...

#..######
#.#.#.#..#
#..######
#.#...# .#
<.......##
#.##..# #
.........# #.
#..# #
#...##...#
#.###.# .#
#..####..#
#.....#..#
#..####..#
######....#
#...##...#
#.........#
#........#
#@#####..##
##.....^'#
#K# ..#
########. #w#
..#
......?....#
..#
...........#
#.#
...........#
.>
...........#
...........w
#######......


You could see a dart slug and a kobold.

Vanquished Creatures
  A goblin (D:1)
  2 hobgoblins (D:1)
  4 bats (D:1)
  A frilled lizard (D:1)
  3 kobolds (D:1)
  A rat (D:1)
12 creatures vanquished.

Notes
Turn   | Place    | Note
-------+----------+-------------------------------------------
     0 | D:1      | tidbits the Felid Transmuter began the quest for the Orb.
     0 | D:1      | Reached XP level 1. HP: 9/9 MP: 4/4
    92 | D:1      | Reached skill level 1 in Stealth
   189 | D:1      | Reached skill level 2 in Stealth
   205 | D:1      | Reached XP level 2. HP: 12/12 MP: 6/6
   209 | D:1      | Learned a level 2 spell: Sticks to Snakes
   239 | D:1      | Slain by a kobold

Vault maps used:
D:1:      minmay_arrival_four_loops, st_stairs_6

Skill      XL: |  1 |
---------------+----+-----
Stealth        | 2 |  2.8
Fighting       | |  1.0
Dodging        | |  2.7
Unarmed Combat | |  3.0
Spellcasting   | |  2.0
Transmutations | |  2.2

Action                   || total
-------------------------++-------
Melee: Unarmed           ||    29
       Bite              ||     3
 Cast: Beastly Appendage ||     6
 Stab: Sleeping          ||     4
Armor: Skin              ||     2
Dodge: Dodged            ||    28

Table legend:
 A = Spawn XP
 B = Non-spawn XP
 C = Spawn XP percentage of total XP
 D = Spawn monster count
 E = Non-spawn monster count
 F = Spawn count percentage of total count
 G = Total turns spent on level
                    A         B        C        D         E        F      G
               +---------+---------+-------+---------+---------+-------+---------
         Total |       0 |      18 |   0.0 |       0 |      12 |   0.0 |   239
               +---------+---------+-------+---------+---------+-------+---------
           D:1 |       0 |      18 |   0.0 |       0 |      12 |   0.0 |   239
               +---------+---------+-------+---------+---------+-------+---------

Table legend:
 A = Turns spent in this place as a percentage of turns spent in the entire game.
 B = Non-inter-level travel turns spent in this place as a percentage of non-inter-level travel turns spent in the entire game.
 C = Inter-level travel turns spent in this place as a percentage of turns spent in this place.
 D = Turns resting spent in this place as a percentage of non-inter-level travel turns spent in this place.
 E = Turns spent auto-exploring this place as a percentage of non-inter-level travel turns spent in this place.
 F = Non-inter-level travel turns spent in this place divided by the number of levels of this place that you've seen.
                   A       B       C       D       E      F
               +-------+-------+-------+-------+-------+----------------------
         Total | 100.0 | 100.0 |   0.0 |   0.0 |   0.0 | 239.0
       Dungeon | 100.0 | 100.0 |   0.0 |   0.0 |   0.0 | 239.0
               +-------+-------+-------+-------+-------+----------------------

Table legend:
 A = Kills in this place as a percentage of kills in entire the game.
 B = Kills by you in this place as a percentage of kills by you in the entire game.
 C = Kills by friends in this place as a percentage of kills by friends in the entire game.
 D = Other kills in this place as a percentage of other kills in the entire game.
 E = Experience gained in this place as a percentage of experience gained in the entire game.
 F = Experience gained in this place divided by the number of levels of this place that you have seen.
                   A       B       C       D       E      F
               +-------+-------+-------+-------+-------+----------------------
         Total | 100.0 | 100.0 |   N/A |   N/A | 100.0 |  18.0
       Dungeon | 100.0 | 100.0 |   N/A |   N/A | 100.0 |  18.0
               +-------+-------+-------+-------+-------+----------------------

Vault maps used:
D:1:      minmay_arrival_four_loops, st_stairs_6
